Map: Dusty Gorge

Players

OpuS

  • Race: Protoss Protoss
  • League: Platinum
  • Spawn Location: 5:00

Sketchaphone

  • Race: Zerg Zerg
  • League: Platinum
  • Spawn Location: 3:00

WangChungFu

  • Race: Zerg Zerg
  • Spawn Location: 11:00

ICEMAN

  • Race: Terran Terran
  • League: Platinum
  • Spawn Location: 9:00

VOD

Have the link to the VOD?

Description

Time

  • Played on: Feb. 13, 2019, 7:26 p.m.
  • Length: 14:12
Show
View Real Time Build Order
Export as new Build Order

OpuS Protoss 

Build Orders: Oracle Opening 

Get SALT Encoding   

  12  0:01  Probe  
  13  0:13  Probe  
  14  0:21  Pylon  
  14  0:25  Probe  
  15  0:39  Probe  
  16  0:46  Gateway  
  16  0:49  Probe  
  17  0:57  Probe  
  17  0:59  Assimilator  
  18  1:07  Probe  
  19  1:15  Probe  
  19  1:23  Probe  
  21  1:34  Probe  
  22  1:40  Cybernetics Core  
  22  1:41  Pylon  
  22  1:46  Probe  
  23  1:55  Zealot  
  23  1:59  Probe  
  25  2:11  Nexus, Probe  
  26  2:17  Warp Gate  
  26  2:20  Pylon  
  26  2:23  Adept, Probe  
  29  2:39  Assimilator  
  29  2:46  Gateway  
  29  2:51  Stargate  
  29  2:57  Adept  
  31  3:12  Shield Battery  
  31  3:13  Probe  
  31  3:16  Gateway  
  32  3:21  Probe  
  32  3:26  Forge  
  33  3:33  Pylon  
  33  3:40  Oracle  
  36  3:50  Probe x2  
  38  4:12  Sentry  
  38  4:15  Photon Cannon  
  38  4:16  Photon Cannon  
  40  4:20  Stalker  
  42  4:32  Probe x2  
  44  4:44  Probe  
  44  4:45  Probe  
  46  4:46  Gateway  
  46  4:49  Gateway  
  46  4:52  Gateway  
  46  4:56  Probe  
  46  4:57  Probe  
  48  5:09  Probe x2  
  50  5:16  Void Ray  
  50  5:20  Adept x3  
  50  5:21  Probe x2  
  62  5:36  Pylon  
  62  5:40  Pylon  
  62  5:54  Probe x2  
  64  5:59  Assimilator  
  64  6:02  Stargate  
  64  6:04  Zealot x4  
  66  6:06  Probe x2  
  74  6:18  Probe x2  
  74  6:23  Assimilator  
  76  6:25  Pylon  
  76  6:29  Pylon  
  76  6:31  Probe x2  
  78  6:43  Probe x2, Void Ray  
  78  6:44  Pylon  
  84  6:55  Probe x2  
  84  7:01  Stalker x4  
  94  7:10  Probe x2  
  96  7:26  Void Ray  
  98  7:49  Void Ray  
  86  7:52  Probe x2  
  74  8:00  Zealot x5  
  74  8:01  Zealot  
  74  8:04  Probe x2  
  88  8:11  Void Ray  
  92  8:15  Fleet Beacon  
  92  8:17  Gateway  
  92  8:20  Gateway  
  92  8:29  Twilight Council  
  90  8:39  Void Ray  
  90  8:40  Pylon  
  84  8:42  Zealot x2  
  84  8:43  Zealot  
  84  8:59  Void Ray  
  84  9:00  Probe x2  
  86  9:11  Zealot x2  
  86  9:12  Zealot x3  
  86  9:25  Void Ray  
  86  9:27  Zealot x2  
  86  9:53  Void Ray  
  73  10:07  Zealot x3  
  73  10:08  Zealot x3  
  85  10:30  Pylon  
  85  10:31  Pylon  
  85  10:36  Void Ray  
  85  10:38  Carrier  
  82  10:49  Zealot x3  
  92  10:50  Zealot x2  
  96  11:02  Pylon x2  
  96  11:05  Pylon  
  96  11:16  Cybernetics Core  
  95  11:24  Zealot x6  
  95  11:25  Zealot  
  44  13:03  Nexus  
Show
View Real Time Build Order
Export as new Build Order

Sketchaphone Zerg 

Build Orders: Hatch First, Lurkers 

Get SALT Encoding   

  12  0:01  Drone  
  13  0:14  Overlord  
  13  0:19  Drone  
  14  0:32  Drone x2  
  16  0:36  Drone  
  17  0:58  Hatchery  
  17  1:00  Drone  
  17  1:07  Drone, Extractor  
  17  1:18  Spawning Pool  
  17  1:20  Drone  
  17  1:25  Drone  
  18  1:35  Drone  
  19  1:44  Overlord  
  19  1:51  Drone  
  20  2:06  Drone  
  20  2:07  Queen  
  23  2:10  Metabolic Boost  
  23  2:12  Zergling x2  
  24  2:16  Zergling x2  
  25  2:29  Evolution Chamber  
  24  2:30  Drone  
  24  2:31  Drone  
  24  2:32  Queen  
  24  2:33  Zergling x2  
  29  2:43  Baneling Nest, Drone x2  
  30  2:50  Drone  
  31  2:57  Drone  
  32  3:03  Zergling x2  
  33  3:08  Overlord  
  33  3:10  Zerg Melee Weapons Level 1  
  33  3:15  Zergling x4  
  33  3:16  Overlord  
  35  3:27  Overlord  
  35  3:34  Baneling x2  
  35  3:37  Zergling x2  
  35  3:40  Zergling x4  
  39  3:48  Drone  
  39  3:52  Drone  
  39  3:53  Drone x2  
  39  3:54  Zergling x2  
  43  4:00  Zergling x2  
  44  4:04  Baneling x2  
  44  4:08  Zergling x2  
  45  4:12  Spine Crawler  
  45  4:14  Zergling x2  
  45  4:17  Zergling x2  
  41  4:35  Drone x3  
  43  4:40  Zergling x6  
  43  4:41  Overlord  
  43  4:44  Hatchery  
  45  4:47  Zergling x2  
  45  4:48  Overlord  
  45  4:50  Drone  
  47  4:55  Lair  
  47  5:00  Overlord  
  47  5:04  Zergling x4  
  49  5:11  Baneling x2  
  49  5:12  Zergling x4  
  51  5:23  Zergling x2  
  51  5:25  Overlord  
  51  5:26  Zergling x2  
  51  5:27  Overlord  
  53  5:30  Drone  
  53  5:33  Baneling  
  53  5:34  Baneling x2  
  54  5:40  Baneling x3  
  54  5:41  Zergling x4  
  54  5:45  Queen  
  56  6:14  Zergling x6  
  56  6:15  Overlord  
  59  6:21  Evolution Chamber  
  59  6:23  Drone x2  
  59  6:24  Extractor  
  59  6:26  Hydralisk Den  
  58  6:34  Zergling x8  
  58  6:35  Overlord, Zergling x4  
  58  6:36  Zergling x2  
  58  6:38  Overlord  
  65  6:41  Queen  
  65  6:43  Spore Crawler  
  66  6:51  Overlord  
  66  6:52  Overlord  
  66  6:53  Drone x2  
  68  6:56  Hatchery  
  68  6:57  Drone x2, Extractor  
  68  7:02  Baneling x2  
  68  7:03  Baneling x2  
  68  7:04  Baneling  
  68  7:14  Overlord  
  68  7:22  Overlord, Zerg Ground Armor Level 1  
  68  7:28  Zergling x4  
  68  7:29  Drone  
  50  8:05  Zergling x20  
  50  8:06  Zergling x14  
  50  8:07  Baneling  
  50  8:12  Hydralisk  
  66  8:16  Hydralisk  
  68  8:28  Lurker Den  
  68  8:29  Zerg Missile Weapons Level 1  
  50  9:04  Zergling x34  
  66  9:10  Zergling x2  
  66  9:12  Evolution Chamber  
  66  9:19  Zergling x2  
  66  9:20  Zergling x6  
  70  9:29  Drone x3  
  70  9:30  Drone  
  74  9:31  Baneling  
  74  9:32  Baneling  
  65  9:45  Zergling x10  
  65  9:50  Zergling x4  
  65  9:52  Zergling x2  
  65  9:55  Baneling x4  
  65  9:59  Zergling x2  
  66  10:05  Centrifical Hooks  
  57  10:26  Zergling x20  
  64  10:40  Hydralisk x3  
  61  10:43  Zergling x4  
  61  10:49  Drone x2  
  65  10:51  Baneling x2  
  65  10:52  Baneling  
  65  10:53  Baneling  
  65  10:56  Drone  
  66  10:59  Drone  
  66  11:02  Baneling x3  
  67  11:12  Lurker  
  68  11:23  Overseer  
  68  11:24  Overseer  
  53  11:40  Hydralisk x2  
  53  11:41  Hydralisk  
  53  11:43  Zergling x16  
  67  11:47  Hydralisk x2  
  67  11:48  Drone  
  67  11:49  Drone  
  67  11:53  Drone  
  74  12:02  Baneling  
  74  12:03  Baneling x5  
  74  12:04  Baneling x4  
  74  12:05  Hydralisk x2  
  74  12:08  Lurker x2  
  70  12:32  Zergling x6  
  70  12:33  Zergling x2  
  70  12:41  Zergling x26  
  79  12:47  Hydralisk  
  79  12:48  Hydralisk x2  
  82  12:52  Zergling x4  
  82  12:55  Zergling x6  
  82  13:01  Baneling x4  
  82  13:02  Baneling x6  
  82  13:03  Lurker x2  
  82  13:05  Zergling x8  
  71  13:27  Spire  
  49  13:45  Zergling x24  
  48  13:59  Spawning Pool  
Show
View Real Time Build Order
Export as new Build Order

WangChungFu Zerg 

Build Orders: Pool First, Lurkers 

Get SALT Encoding   

  12  0:01  Drone  
  13  0:12  Overlord  
  13  0:19  Drone  
  14  0:25  Drone, Extractor  
  15  0:32  Drone  
  16  0:38  Drone  
  17  0:46  Drone  
  18  0:55  Spawning Pool  
  17  1:01  Extractor  
  17  1:02  Drone  
  17  1:07  Drone  
  18  1:28  Hatchery, Drone  
  18  1:30  Drone  
  19  1:40  Overlord  
  19  1:44  Queen  
  21  2:02  Zergling x2  
  21  2:05  Drone  
  23  2:15  Roach Warren  
  23  2:17  Drone  
  23  2:24  Queen  
  25  2:30  Zergling x2  
  26  2:45  Zergling x4  
  26  2:49  Metabolic Boost  
  28  3:02  Spine Crawler  
  29  3:12  Roach  
  29  3:13  Roach x3  
  29  3:15  Overlord  
  29  3:19  Drone  
  36  3:26  Overlord  
  36  3:33  Queen  
  38  3:35  Roach  
  38  3:36  Roach  
  38  3:40  Ravager  
  43  3:44  Spore Crawler  
  42  3:53  Roach  
  44  3:56  Zergling x2  
  44  3:57  Zergling x2  
  44  3:59  Extractor  
  44  4:00  Drone  
  46  4:04  Drone  
  46  4:06  Drone  
  48  4:11  Drone  
  47  4:40  Lair  
  47  4:49  Ravager  
  48  4:56  Drone x4  
  52  5:27  Overlord x3  
  52  5:28  Overlord  
  52  5:50  Drone  
  52  5:51  Drone x4  
  52  5:52  Drone x3  
  52  5:53  Drone  
  52  5:54  Drone x3  
  64  5:57  Extractor  
  64  5:58  Drone x2  
  64  6:00  Extractor  
  63  6:07  Roach  
  63  6:08  Roach  
  67  6:24  Roach  
  67  6:25  Roach x6  
  81  6:33  Ravager  
  81  6:37  Overlord x2  
  82  6:56  Evolution Chamber  
  82  6:57  Drone x3  
  82  6:58  Drone x2  
  82  6:59  Evolution Chamber, Drone  
  86  7:02  Hydralisk Den  
  85  7:13  Zergling x6  
  85  7:14  Zergling x2  
  89  7:36  Overseer  
  89  7:37  Lurker Den, Zerg Ground Armor Level 1  
  88  7:38  Zerg Missile Weapons Level 1  
  88  7:39  Overlord  
  88  7:40  Overlord x3  
  82  8:00  Zergling x2  
  82  8:01  Zergling x10  
  87  8:29  Spore Crawler  
  87  8:30  Spore Crawler  
  85  8:37  Spore Crawler  
  84  8:42  Ravager x3  
  72  9:13  Hydralisk  
  64  9:46  Hydralisk x12  
  64  9:47  Hydralisk x8  
  94  10:01  Hydralisk x7  
  94  10:06  Grooved Spines  
  105  10:22  Roach  
  105  10:27  Hatchery  
  100  10:31  Lurker x2  
  102  10:41  Overseer  
  100  11:01  Overlord x2  
  100  11:02  Overlord  
  100  11:17  Muscular Augments  
  88  12:12  Pneumatized Carapace  
  88  12:16  Overseer  
  88  12:17  Overlord, Overseer  
  88  12:18  Overlord  
  88  12:24  Queen  
  88  12:26  Drone x4  
  88  12:27  Drone x2  
  78  12:33  Lurker x2  
  78  12:34  Lurker  
  78  12:35  Zergling x2  
  78  12:36  Lurker  
  74  13:21  Roach x2  
  74  13:22  Roach, Zergling x10  
  84  13:50  Zergling x2  
  84  13:51  Zergling x2  
Show
View Real Time Build Order
Export as new Build Order

ICEMAN Terran 

Build Orders: Mech 

Get SALT Encoding   

  12  0:01  SCV  
  13  0:13  SCV  
  14  0:18  Supply Depot  
  14  0:25  SCV  
  15  0:40  SCV  
  15  0:42  Barracks  
  16  0:52  SCV  
  17  1:04  SCV  
  18  1:21  SCV  
  18  1:22  Command Center  
  19  1:29  Refinery, Marine  
  20  1:47  Marine  
  20  1:51  Barracks  
  21  1:57  Refinery  
  21  2:05  Marine  
  22  2:11  Orbital Command  
  22  2:23  Marine  
  23  2:33  Orbital Command  
  23  2:39  Barracks Tech Lab  
  23  2:41  Barracks Reactor  
  23  2:44  SCV  
  24  2:56  SCV  
  25  3:00  Stimpack  
  25  3:01  Marine  
  26  3:08  SCV  
  26  3:09  Supply Depot  
  26  3:12  SCV  
  28  3:19  Marine  
  29  3:20  SCV  
  29  3:21  Marine x2  
  29  3:24  SCV  
  33  3:32  SCV, Supply Depot  
  34  3:36  SCV  
  34  3:37  Marine  
  36  3:44  Marine x2  
  36  3:45  SCV  
  39  3:49  SCV  
  39  3:54  Marine  
  39  3:55  Supply Depot  
  41  3:57  SCV  
  41  4:01  SCV  
  41  4:02  Marine x2  
  45  4:09  SCV  
  46  4:12  Marine  
  47  4:19  Marine  
  47  4:20  Marine  
  40  4:34  Marine  
  40  4:35  SCV  
  40  4:36  SCV  
  40  4:37  Marine x2  
  43  4:40  Refinery  
  43  4:42  Refinery  
  43  4:48  SCV x2  
  43  4:49  Factory  
  43  4:51  Factory  
  43  4:52  Marine, Factory  
  46  4:54  Factory  
  46  4:58  Marine  
  46  4:59  Marine  
  48  5:00  SCV x2  
  48  5:01  Combat Shield  
  48  5:10  Marine  
  48  5:18  Engineering Bay  
  48  5:20  Marine x2  
  50  5:24  SCV x2  
  50  5:27  Marine  
  53  5:34  Engineering Bay  
  53  5:36  Factory Tech Lab x3, SCV x2  
  53  5:37  Factory Tech Lab, Marine  
  56  5:45  Barracks  
  56  5:48  Barracks, SCV x2  
  58  5:59  Siege Tank  
  58  6:00  Armory  
  61  6:09  Supply Depot  
  61  6:10  Supply Depot x2  
  61  6:15  SCV  
  62  6:20  Siege Tank, SCV  
  62  6:22  Siege Tank  
  69  6:27  SCV  
  69  6:30  Missile Turret  
  69  6:31  Terran Infantry Weapons Level 1  
  69  6:32  Terran Infantry Armor Level 1, SCV  
  71  6:37  Barracks Reactor x2  
  71  6:41  SCV  
  71  6:44  SCV  
  73  6:47  Terran Vehicle Weapons Level 1  
  73  6:51  Starport  
  73  6:53  SCV  
  74  7:10  Barracks Reactor  
  74  7:14  Marine x5  
  79  7:18  Factory Tech Lab  
  79  7:26  Siege Tank x2  
  85  7:31  Marine x3  
  85  7:32  Marine  
  89  7:48  Command Center  
  84  7:53  Missile Turret  
  69  8:08  Siege Tank x4  
  69  8:10  Marine  
  69  8:11  Marine x6  
  88  8:14  Missile Turret  
  88  8:28  Marine x4  
  88  8:29  Marine x3  
  92  8:46  Marine x7  
  82  9:04  Marine x7  
  81  9:22  Marine x7  
  83  9:40  Marine x7  
  72  9:57  Marine x4  
  72  9:58  Marine x3  
  75  10:07  Siege Tank  
  75  10:08  Siege Tank x3  
  85  10:15  Marine x7  
  81  10:30  Orbital Command  
  81  10:33  Marine x7  
  81  10:34  Barracks  
  81  10:35  Barracks, Starport Reactor  
  88  10:37  Terran Infantry Weapons Level 2  
  88  10:39  Terran Infantry Armor Level 2  
  78  10:51  Marine x7  
  81  11:02  Terran Vehicle Weapons Level 2  
  81  11:05  Starport  
  81  11:09  Marine x5  
  86  11:13  Marine x2  
  88  11:26  Marine  
  88  11:27  Marine x4  
  88  11:31  Marine x2  
  95  11:44  Marine x5  
  100  11:49  Marine x2  
  100  12:02  Marine x4  
  100  12:03  Marine  
  100  12:07  Marine x2  
  107  12:08  Medivac x2  
  107  12:14  Starport Tech Lab  
  111  12:20  Marine x5  
  116  12:24  Marine  
  116  12:29  Barracks Reactor  
  117  12:30  Barracks Reactor  
  117  12:44  Marine x7  
  117  12:47  Medivac  
  126  12:58  Command Center  
  126  12:59  Command Center  
  126  13:02  Marine  
Tags
 
Add a new tag
Caveats
  • Supply blocks, unpowered buildings, or Contaminate may cause inaccurate times.
  • Supply counts are checked every 10 seconds.